 Dungeon Crawl Stone Soup version 0.31-a0-841-g038b102fc3 (webtiles) character file.

Game seed: 7365528757228104253

30 randomguy2701 the Covered (level 3, 0/31 HPs)
             Began as a Gnoll Wanderer on Sept 27, 2023.
             Slain by Jessica
             ... wielding a +0 spectral club
              (4 damage)
             ... on level 1 of the Dungeon.
             The game lasted 00:01:37 (1019 turns).

randomguy2701 the Covered (Gnoll Wanderer)          Turns: 1019, Time: 00:01:38

Health: 0/31       AC:  7    Str: 13    XL:     3   Next: 18%
Magic:  4/4        EV:  9    Int: 11    God:
Gold:   35         SH:  0    Dex: 11    Spells: 3/3 levels left

rFire   . . .        a - +0 dagger
rCold   . . .        (no shield)
rNeg    . . .        e - +0 scale mail
rPois   .            (no helmet)
rElec   .            (no cloak)
rCorr   .            (no gloves)
SInv    .            (no boots)
Will    .....        (no amulet)
Stlth   +            (no ring)
HPRegen 0.25/turn    (no ring)
MPRegen 0.09/turn

%: no passive effects
@: no status effects
A: fangs 1, strong nose, distributed training
a: no special abilities


You were on level 1 of the Dungeon.
You visited 1 branch of the dungeon, and saw 2 of its levels.

You collected 35 gold pieces.

Inventory:

Hand Weapons
 a - a +0 dagger (weapon)
 d - a +0 mace
Missiles
 b - an atropa-tipped dart (quivered)
 c - 2 datura-tipped darts
Armour
 e - a +0 scale mail (worn)
Scrolls
 f - a scroll of teleportation
 g - a scroll of identify {unknown}
 i - a scroll of enchant weapon {unknown}
 k - a scroll of fog {unknown}
Potions
 h - a potion of curing {unknown}
 j - a potion of degeneration {unknown}
 l - a potion of berserk rage {unknown}


   Skills:
 + Level 4.5 Fighting
 + Level 0.7 Short Blades
 + Level 0.7 Long Blades
 + Level 0.7 Axes
 + Level 4.5 Maces & Flails
 + Level 0.7 Polearms
 + Level 0.7 Staves
 + Level 0.7 Ranged Weapons
 + Level 0.7 Throwing
 + Level 6.5 Armour
 + Level 0.7 Dodging
 + Level 4.1 Stealth
 + Level 0.7 Shields
 + Level 0.7 Unarmed Combat
 + Level 0.7 Spellcasting
 + Level 0.5 Conjurations
 + Level 0.5 Hexes
 + Level 0.5 Summonings
 + Level 0.5 Necromancy
 + Level 0.5 Translocations
 + Level 0.5 Transmutations
 + Level 0.5 Fire Magic
 + Level 0.5 Ice Magic
 + Level 0.5 Air Magic
 + Level 0.5 Earth Magic
 + Level 0.5 Poison Magic
 + Level 0.9 Invocations
 + Level 2.6 Evocations
 + Level 0.6 Shapeshifting


You had 3 spell levels left.
You didn't know any spells.
Your spell library was empty.

Dungeon Overview and Level Annotations

Branches:
Dungeon (2/15)

Altars:

Shops:
D:1 ?!

Annotations:
D:1 Jessica


Innate Abilities, Weirdness & Mutations

You have very sharp teeth.
Your uncanny sense of smell can sniff out nearby items.
Your experience applies equally to all skills.


Message History

You closely miss Jessica. You bite Jessica.
Jessica is heavily wounded.
Jessica gestures at you while chanting. Pain shoots through your body!
* * * LOW HITPOINT WARNING * * *
You closely miss Jessica.
Jessica is heavily wounded.
The +0 spectral club disappears.
Jessica looks very angry.
Jessica hits you but does no damage. The +0 spectral club hits you.
* * * LOW HITPOINT WARNING * * *
A +0 spectral club comes into view.
There is a stone staircase leading up here.
The +0 spectral club disappears.
Jessica hits you but does no damage.
The +0 spectral club hits you but does no damage.
You climb upwards.
The +0 spectral club disappears.
There is a stone staircase leading down here.
You barely miss Jessica.
Jessica is heavily wounded.
Jessica hits you but does no damage. The +0 spectral club hits you.
* * * LOW HITPOINT WARNING * * *
A +0 spectral club comes into view.
Jessica gestures wildly while chanting.
Jessica seems to speed up.
The +0 spectral club moves out of view.
You closely miss Jessica.
Jessica is heavily wounded.
Jessica barely misses you.
You hit Jessica.
Jessica is severely wounded.
Jessica hits you with a +0 spectral club.
* * * LOW HITPOINT WARNING * * *
Jessica misses you.
You barely miss Jessica. You bite Jessica.
Jessica is almost dead.
Jessica gestures at you while chanting.
You barely resist. You barely miss Jessica.
Jessica is almost dead.
Jessica hits you with a +0 spectral club.
You die...

#.# ####.....# #.#
#........### #.#
#.##.......## #.#
#.......##..## #†#
#######.###..####### #.#
#.#....~.~~... #.#
##.#.##+++#~~.. #.#
#####..~~#.~~~~##~# #.#
#.@@>...#~~.....~~# #.#
#.###~~~#~~~~~~~#~~ #.# #.#
#.~##~.~.~.~~## #.########.#
#~#.~~~~_~~~.~~
#.#........###.#8.#######~8#
#.#.########..^~##~.~...~#~#
#.#.# #.#~....~.~~.~.~.
#.#.# #.###.####.####..
#.#.# #.###[# #.# ###


You could see Jessica (fast).

Vanquished Creatures
  2 dart slugs (D:1)
  2 endoplasms (D:1)
  A giant cockroach (D:1)
  3 goblins (D:1)
  A hobgoblin (D:1)
  4 jackals (D:1)
  A ball python (D:1)
  5 bats (D:1)
  A frilled lizard (D:1)
  A kobold (D:1)
  3 rats (D:1)
  A spectral kobold (D:1)
25 creatures vanquished.

Notes
Turn   | Place    | Note
-------+----------+-------------------------------------------
     0 | D:1      | randomguy2701 the Gnoll Wanderer began the quest for the
                  | Orb.
     0 | D:1      | randomguy2701 set off with the following items: a +0
                  | dagger, an atropa-tipped dart, 2 datura-tipped darts, a +0
                  | mace, a +0 scale mail, a scroll of teleportation.
     0 | D:1      | Reached XP level 1. HP: 20/20 MP: 1/1
    25 | D:1      | Found Meczotot's Distillery.
   282 | D:1      | Found a faded altar of an unknown god.
   290 | D:1      | Reached XP level 2. HP: 26/26 MP: 2/2
   693 | D:1      | Reached XP level 3. HP: 31/31 MP: 3/3
   702 | D:1      | Found Keloehatz's Magic Scroll Emporium.
   999 | D:2      | Noticed Jessica
  1019 | D:1      | Slain by Jessica

Illustrated notes

Levels and vault maps discovered:
D:1:      saegor_arrival_simple_a, layout_loops_ring, serial_shops,
          nicolae_shop_tiny_glass, nicolae_shop_just_a_little_nook,
          dreamdust_ecumenical_altar_drowned_temple
D:2:      layout_basic, nicolae_kite_square_tiling_tiny, minmay_tromino_v4_a,
          uniq_terence, uniq_jessica

Action                     || total
---------------------------++-------
  Melee: Dagger            ||   167
         Bite              ||    16
         Punch             ||     3
 Armour: Scale mail        ||   143
  Dodge: Dodged            ||   109

Table legend: (Time is in decaauts)
 A = Elapsed time spent in this place.
 B = Non-inter-level travel time spent in this place.
 C = Inter-level travel time spent in this place.
 D = Time resting spent in this place.
 E = Time spent auto-exploring this place.
 F = Levels seen in this place.
 G = Mean time per level.
                   A        B        C        D        E       F      G
               +--------+--------+--------+--------+--------+-----+--------+
         Total |   1025 |   1002 |     23 |      0 |    746 |   2 |  512.5 |
       Dungeon |   1025 |   1002 |     23 |      0 |    746 |   2 |  512.5 |
               +--------+--------+--------+--------+--------+-----+--------+

Top non-repeatable levels by time:
     D:1: 1013 daAuts
     D:2: 12 daAuts
